 Dungeon Crawl Stone Soup version 0.18-a0-1542-g9c1a92e (webtiles) character file.

1766 M4edhros the Martial Artist (level 9, -4/55 (56) HPs)
             Began as an Octopode Monk on Mar 10, 2016.
             Was a High Priest of Cheibriados.
             Slain by a gnoll
             ... wielding a +0 spear
              (7 damage)
             ... on level 6 of the Dungeon.
             The game lasted 00:14:09 (6632 turns).

M4edhros the Martial Artist (Octopode Monk)         Turns: 6632, Time: 00:14:10

HP:   -4/55 (56)    AC:  1    Str: 22    XL:     9   Next: 7%
MP:   23/23         EV: 15    Int: 23    God:    Cheibriados [*****.]
Gold: 272           SH:  0    Dex: 30    Spells: 4 memorised, 3 levels left

rFire  . . .     SeeInvis .       - Unarmed
rCold  . . .     Gourm    .     (no shield)
rNeg   . . .     Faith    .     (helmet restricted)
rPois  .         Spirit   .     j - amulet of harm
rElec  .         Dismiss  .     f - ring of magical power
rCorr  .         Reflect  .     o - +2 ring of dexterity
SustAt .         Harm     +     y - ring of stealth
MR     .....                    s - ring of flight
Stlth  +++++.....               (no ring)
                                (no ring)
                                (no ring)
                                (no ring)

@: very slow, not resistant to hostile enchantments, quite stealthy
A: almost no armour, amphibious, 8 rings, constrict 8, camouflage 1, gelatinous
body 1
a: Bend Time, Temporal Distortion, Slouch, Step From Time, Renounce Religion,
Evoke Flight


You were on level 6 of the Dungeon.
You worshipped Cheibriados.
Cheibriados was extremely pleased with you.
You were hungry.

You visited 2 branches of the dungeon, and saw 7 of its levels.

You collected 337 gold pieces.
You spent 65 gold pieces at shops.

Inventory:

Missiles
 e - 7 javelins of penetration (quivered)
 C - 5 javelins
Jewellery
 f - a ring of magical power (left tentacle)
 j - an amulet of harm (around mantle)
 o - a +2 ring of dexterity (right tentacle)
 s - a ring of flight (on tentacle)
 y - a ring of stealth (on tentacle)
Scrolls
 b - 6 scrolls of remove curse
 c - 2 scrolls of enchant armour
 d - 2 scrolls of amnesia
 l - 4 scrolls of noise
 p - a scroll of recharging
 t - a scroll of fog
 E - a scroll of teleportation
Potions
 k - a potion of mutation {unknown}
 m - 2 potions of brilliance {unknown}
 q - a potion of curing
 u - a potion of might {unknown}
 v - 2 potions of invisibility {unknown}
 w - a potion of ambrosia {unknown}
 z - a potion of degeneration {unknown}
 A - a potion of magic {unknown}
 B - a potion of cure mutation {unknown}
Books
 i - a book of Conjurations

   Spells                             Type                      Level
   a - Magic Dart                     Conjuration                  1
   b - Searing Ray                    Conjuration                  2
   c - Dazzling Spray                 Conjuration/Hexes            3
   d - Fulminant Prism                Conjuration/Hexes            4
   e - Iskenderun's Mystic Blast      Conjuration                  4
   f - Iskenderun's Battlesphere      Conjuration/Charms           5
Comestibles
 a - 6 bread rations
 h - 3 meat rations
 r - 11 fruits
 D - a slice of pizza


   Skills:
 - Level 3.0 Fighting
 - Level 3.0 Dodging
 - Level 2.6 Stealth
 * Level 9.3 Unarmed Combat
 + Level 3.6 Spellcasting
 * Level 5.4 Conjurations
 + Level 0.4 Charms
 + Level 2.9 Invocations


You had 3 spell levels left.
You knew the following spells:

 Your Spells              Type           Power        Failure   Level  Hunger
a - Searing Ray           Conj           ####..       1%          2    #......
b - Iskenderun's Battles  Conj/Chrm      ###.....     89%         5    ######.
c - Fulminant Prism       Conj/Hex       ###.......   38%         4    ####...
d - Magic Dart            Conj           ####         1%          1    None


Dungeon Overview and Level Annotations

Branches:
Dungeon (6/15)             Temple (1/1) D:6

Altars:
Cheibriados
Fedhas
Kikubaaqudgha
Makhleb
Nemelex Xobeh
Okawaru
Pakellas
Qazlal
Ru
Trog
Vehumet
Xom
Zin
The Shining One

Shops:
D:6 ?

Annotations:
D:6 1 runed door


Innate Abilities, Weirdness & Mutations

You cannot wear most types of armour.
You are amphibious.
You can wear up to eight rings at the same time.
You can use your tentacles to constrict eight enemies at once.
Your skin changes colour to match your surroundings (Stealth).
Your rubbery body absorbs attacks (AC +1).


Message History

Cheibriados appreciates the change of pace.
The gnoll hits you.
The gnoll hits you from afar with a spear.
Unknown command.
You bludgeon the gnoll! You grab the gnoll. You squeeze the gnoll.
You kill the gnoll!
Cheibriados appreciates the change of pace.
The gnoll hits you with a spear. The gnoll hits you with a spear!
* * * LOW HITPOINT WARNING * * *
You see here a whip.
You barely miss the gnoll. Your grab misses the gnoll.
The gnoll barely misses you.
You closely miss the gnoll. You grab the gnoll. You constrict the gnoll.
The gnoll hits you with a spear!
* * * LOW HITPOINT WARNING * * *
You tentacle-slap the gnoll.
You squeeze the gnoll, but do no damage.
The gnoll is moderately wounded.
You constrict the gnoll. The gnoll hits you with a spear.
You die...

*,* *.#### ####....#
###.......#
###.........##
##............#
##.............#
##........g.....# ##
###........@......#
.#####.................#
..##...........$†.....##
......................#
.....................##
...................###
#####...........####
###.......###
##.......**


You could see a gnoll.

Vanquished Creatures
  Sigmund (D:6)
  A sky beast (D:6)
  2 ogres (D:4)
  2 phantoms
  2 ice beasts
  A necrophage (D:6)
  6 wights
  A jelly (D:6)
  A hound (D:6)
  An orc priest (D:4)
  Crazy Yiuf (D:2)
  A giant frog skeleton (D:4)
  Jessica (D:2)
  4 iguanas
  Ijyb (D:2)
  Terence (D:2)
  3 worker ants
  An orc wizard (D:3)
  A hound zombie (D:6)
  A hound skeleton (D:6)
  5 adders
  5 gnolls
  An adder zombie (D:5)
  2 worms (D:2)
  3 dart slugs
  3 giant geckos
  8 orcs
  12 giant cockroaches
  5 goblins
  8 hobgoblins
  3 jackals (D:6)
  3 ball pythons
  8 bats
  3 giant newts
  13 kobolds
  8 rats
123 creatures vanquished.

Notes
Turn   | Place    | Note
--------------------------------------------------------------
     0 | D:1      | M4edhros the Octopode Monk began the quest for the Orb.
     0 | D:1      | Reached XP level 1. HP: 16/16 MP: 1/1
   141 | D:1      | Reached XP level 2. HP: 19/21 MP: 2/2
   190 | D:2      | Noticed Terence
   447 | D:2      | Killed Terence
   447 | D:2      | Reached skill level 5 in Unarmed Combat
   447 | D:2      | Reached XP level 3. HP: 18/26 MP: 3/3
   707 | D:3      | Reached XP level 4. HP: 29/31 MP: 4/4
   804 | D:4      | Noticed an ogre
   809 | D:4      | Reached skill level 6 in Unarmed Combat
   809 | D:4      | Reached XP level 5. HP: 17/36 MP: 5/5
  1349 | D:4      | Killed an ogre
  1349 | D:4      | Reached skill level 7 in Unarmed Combat
  1349 | D:4      | Reached XP level 6. HP: 42/42 MP: 6/6
  1619 | D:4      | Learned a level 2 spell: Searing Ray
  1707 | D:5      | Entered Level 5 of the Dungeon
  1799 | D:5      | Reached skill level 1 in Conjurations
  1830 | D:5      | Found a shimmering altar of Xom.
  1831 | D:5      | Found a shimmering altar of Xom.
  1831 | D:5      | Found a shimmering altar of Xom.
  1831 | D:5      | Found a shimmering altar of Xom.
  1832 | D:5      | Found a shimmering altar of Xom.
  1832 | D:5      | Found a shimmering altar of Xom.
  1832 | D:5      | Found a shimmering altar of Xom.
  2199 | D:5      | Noticed an ice beast
  2432 | D:5      | Reached skill level 1 in Spellcasting
  2432 | D:5      | Reached XP level 7. HP: 31/46 MP: 8/8
  2559 | D:6      | Found a staircase to the Ecumenical Temple.
  2568 | Temple   | Entered the Ecumenical Temple
  2739 | Temple   | Became a worshipper of Cheibriados the Contemplative
  2739 | Temple   | Reached * piety under Cheibriados
  2739 | Temple   | Reached ** piety under Cheibriados
  2773 | D:6      | Found a glowing golden altar of the Shining One.
  2773 | D:6      | Found a runed door.
  2773 | D:6      | Noticed an angel
  2934 | D:2      | Found a blossoming altar of Fedhas.
  3391 | D:2      | Noticed Ijyb
  3401 | D:2      | Killed Ijyb
  3401 | D:2      | Reached skill level 8 in Unarmed Combat
  3412 | D:2      | Noticed Jessica
  3419 | D:2      | Killed Jessica
  3832 | D:2      | Noticed Crazy Yiuf
  3837 | D:2      | Killed Crazy Yiuf
  4067 | D:1      | Reached *** piety under Cheibriados
  4619 | D:3      | Found a faded altar to an unknown god.
  4999 | D:3      | Reached **** piety under Cheibriados
  4999 | D:3      | Reached XP level 8. HP: 30/52 MP: 11/11
  5100 | D:3      | Learned a level 5 spell: Iskenderun's Battlesphere
  5842 | D:6      | Reached skill level 1 in Invocations
  5851 | D:6      | Noticed Sigmund
  5855 | D:6      | Killed Sigmund
  6063 | D:6      | Found Logassesm's Magic Scroll Shop.
  6071 | D:6      | Bought a scroll of identify for 26 gold pieces
  6071 | D:6      | Bought a scroll of teleportation for 39 gold pieces
  6280 | D:6      | Reached skill level 9 in Unarmed Combat
  6282 | D:6      | Reached ***** piety under Cheibriados
  6320 | D:6      | Reached skill level 5 in Conjurations
  6499 | D:6      | Learned a level 4 spell: Fulminant Prism
  6501 | D:6      | Learned a level 1 spell: Magic Dart
  6622 | D:6      | Reached XP level 9. HP: 46/55 MP: 14/14
  6631 | D:6      | HP: 2/55 [gnoll/spear (10)]
  6632 | D:6      | Slain by a gnoll

Vault maps used:
D:1:      minmay_arrival_loop, minmay_misc_feat_pillars
D:2:      fedhas_altar_fruit_tree, uniq_iyjb, uniq_crazy_yiuf_cottage,
          uniq_jessica, uniq_terence
D:3:      first_bread, ecumenical_altar_2, minmay_misc_feat_alley
D:5:      xom_redecorated
D:6:      old_forge, minmay_temple_entry_purple_smoke, serial_shops, shop,
          lemuel_angel_altar, uniq_sigmund
Temple:   circular_temple_pool_12

Skill      XL: |  1  2  3  4  5  6  7  8 |
---------------+-------------------------+-----
Unarmed Combat | 5 6 7 8 9 |  9.3
Conjurations   | 1 3 5 |  5.4
Spellcasting   | 1 2 3 |  3.6
Invocations    | 2 |  2.9
Fighting       | |  3.0
Dodging        | |  3.0
Stealth        | |  2.6
Charms         | |  0.4

Action                   |  1- 3 |  4- 6 |  7- 9 || total
-------------------------+-------+-------+-------++-------
Melee: Unarmed           |    39 |    41 |   160 ||   240
Throw: Javelin           |       |    15 |       ||    15
 Cast: Searing Ray       |       |     2 |     2 ||     4
  Use: Potion            |       |     1 |     1 ||     2
       Scroll            |       |       |     9 ||     9
 Stab: Sleeping          |     3 |     6 |    26 ||    35
       Distracted        |       |     1 |     2 ||     3
  Eat: Chunk             |       |     3 |     7 ||    10
       Beef jerky        |       |       |     1 ||     1
